MWL (24 & UNDER)
CINCINNATI PRIDE @ GRIM REAPERS
08/22/2030
 
TOP OF THE 1ST
Cincinnati Pride batting - Pitching for Grim Reapers : RHP Leonard Fitzpatrick
Pitching: RHP Leonard Fitzpatrick
Batting: RHB Luis Manuel Medrano 0-0: Ball
1-0: Called Strike
1-1: SINGLE (Groundball, 56D)
Batting: RHB Travis Jackson 0-0: Fly out, F6 (Popup, P)
Batting: LHB Pablo Garza 0-0: Ball
1-0: Foul Ball, location: 2F
1-1: Ball
2-1: Ball
3-1: Foul Ball, location: 2F
3-2: Strikes out swinging
Batting: LHB Terry Barton 0-0: Called Strike
Luis Manuel Medrano steals 2nd base
0-1: Foul Ball, location: 2F
0-2: Ball
1-2: Ball
2-2: Foul Ball, location: 2F
2-2: Ball
3-2: Base on Balls
Batting: LHB Juan Ortíz 0-0: Called Strike
0-1: SINGLE (Line Drive, 78S)
Luis Manuel Medrano to third
Terry Barton to second
Runner from 3rd tries for Home, SAFE, no throw
Batting: RHB Dudley Helms 0-0: Ball
1-0: Ball
2-0: Called Strike
2-1: Foul Ball, location: 2F
2-2: Foul Ball, location: 2F
2-2: Ball
3-2: Fly out, F7 (Flyball, 78M)
Top of the 1st over - 1 run, 2 hits, 0 errors, 2 left on base; Cincinnati 1 - Grim 0
BOTTOM OF THE 1ST
Grim Reapers batting - Pitching for Cincinnati Pride : RHP Lyle Scalise
Pitching: RHP Lyle Scalise
Batting: RHB Arturo Franco 0-0: Ball
1-0: Ground out 4-3 (Groundball, 4)
Pitching: RHP Manuel Garza
Batting: RHB Phil Martin 0-0: Ball
1-0: Ball
2-0: Called Strike
2-1: SOLO HOME RUN (Flyball, 9LD), Distance : 357 ft
Batting: LHB Benny Lawson 0-0: Ball
1-0: Called Strike
1-1: Called Strike
1-2: Strikes out swinging
Batting: RHB Ramón Sánchez 0-0: Ball
1-0: Ball
2-0: Foul Ball, location: 2F
2-1: Foul Ball, location: 2F
2-2: Strikes out looking
Bottom of the 1st over - 1 run, 1 hit, 0 errors, 0 left on base; Cincinnati 1 - Grim 1
TOP OF THE 2ND
Cincinnati Pride batting - Pitching for Grim Reapers : RHP Leonard Fitzpatrick
Batting: LHB Gene Cherry 0-0: Fly out, F9 (Flyball, 9LSF)
Batting: RHB Owen Grant 0-0: Fly out, F7 (Flyball, 7D)
Batting: RHB Ed Hines 0-0: Called Strike
0-1: Ball
1-1: Called Strike
1-2: Ball
2-2: Ball
3-2: Strikes out looking
Top of the 2nd over - 0 runs, 0 hits, 0 errors, 0 left on base; Cincinnati 1 - Grim 1
BOTTOM OF THE 2ND
Grim Reapers batting - Pitching for Cincinnati Pride : RHP Manuel Garza
Batting: RHB Júlio Núńez 0-0: Ball
1-0: Ball
2-0: Called Strike
2-1: Foul Ball, location: 2F
2-2: Foul Ball, location: 2F
2-2: Ground out 5-3 (Groundball, 5)
Batting: RHB Fred Wagner 0-0: SOLO HOME RUN (Flyball, 78XD), Distance : 411 ft
Batting: SHB Luis Sotelo 0-0: Called Strike
0-1: Ball
1-1: Foul Ball, location: 2F
1-2: Ball
2-2: Fly out, F5 (Popup, 56S)
Batting: RHB Pedro López 0-0: Called Strike
0-1: Ball
1-1: Foul Ball, location: 2F
1-2: Foul Ball, location: 2F
1-2: SINGLE (Line Drive, 78S)
Batting: RHB Mario Barker 0-0: Called Strike
0-1: Ball
1-1: Ball
Pedro López is caught stealing 2nd base
Bottom of the 2nd over - 1 run, 2 hits, 0 errors, 0 left on base; Cincinnati 1 - Grim 2
TOP OF THE 3RD
Cincinnati Pride batting - Pitching for Grim Reapers : RHP Leonard Fitzpatrick
Batting: RHB Luis Manuel Medrano 0-0: Foul Ball, location: 2F
0-1: Called Strike
0-2: Ball
1-2: Strikes out swinging
Batting: RHB Travis Jackson 0-0: Called Strike
0-1: Swinging Strike
0-2: Ball
1-2: Fly out, F8 (Flyball, 8RXD)
Batting: LHB Pablo Garza 0-0: Ball
1-0: Foul Ball, location: 2F
1-1: Foul Ball, location: 2F
1-2: Strikes out looking
Top of the 3rd over - 0 runs, 0 hits, 0 errors, 0 left on base; Cincinnati 1 - Grim 2
BOTTOM OF THE 3RD
Grim Reapers batting - Pitching for Cincinnati Pride : RHP Manuel Garza
Batting: RHB Mario Barker 0-0: Swinging Strike
0-1: Foul Ball, location: 2F
0-2: Ball
1-2: Strikes out swinging
Batting: RHB Arturo Franco 0-0: Called Strike
0-1: Ball
1-1: Ball
2-1: Swinging Strike
2-2: Strikes out swinging
Batting: RHB Phil Martin 0-0: Ball
1-0: Called Strike
1-1: Ball
2-1: Ground out 4-3 (Groundball, 4)
Bottom of the 3rd over - 0 runs, 0 hits, 0 errors, 0 left on base; Cincinnati 1 - Grim 2
TOP OF THE 4TH
Cincinnati Pride batting - Pitching for Grim Reapers : RHP Leonard Fitzpatrick
Batting: LHB Terry Barton 0-0: Called Strike
0-1: Swinging Strike
0-2: Ball
1-2: Foul Ball, location: 2F
1-2: Strikes out looking
Batting: LHB Juan Ortíz 0-0: Ball
1-0: Ball
2-0: Ball
3-0: Called Strike
3-1: Base on Balls
Batting: RHB Dudley Helms 0-0: Ball
Juan Ortíz steals 2nd base
1-0: Ball
2-0: Ground out 5-3 (Groundball, 5S)
Juan Ortíz to third
Batting: LHB Gene Cherry 0-0: Called Strike
0-1: Ground out 6-3 (Groundball, 6)
Top of the 4th over - 0 runs, 0 hits, 0 errors, 1 left on base; Cincinnati 1 - Grim 2
BOTTOM OF THE 4TH
Grim Reapers batting - Pitching for Cincinnati Pride : RHP Manuel Garza
Batting: LHB Benny Lawson 0-0: Ball
1-0: Called Strike
1-1: Fly out, F8 (Flyball, 89S)
Batting: RHB Ramón Sánchez 0-0: Foul Ball, location: 2F
0-1: Ball
1-1: Foul Ball, location: 2F
1-2: DOUBLE (Line Drive, 89D) - OUT at third base trying to stretch hit.
Batting: RHB Júlio Núńez 0-0: Swinging Strike
0-1: Ball
1-1: Ground out 6-3 (Groundball, 6)
Bottom of the 4th over - 0 runs, 1 hit, 0 errors, 0 left on base; Cincinnati 1 - Grim 2
TOP OF THE 5TH
Cincinnati Pride batting - Pitching for Grim Reapers : RHP Leonard Fitzpatrick
Batting: RHB Owen Grant 0-0: Ball
1-0: Ball
2-0: Fly out, F7 (Flyball, 7S)
Batting: RHB Ed Hines 0-0: Ball
1-0: Foul Ball, location: 2F
1-1: Fly out, F9 (Flyball, 9D)
Batting: RHB Luis Manuel Medrano 0-0: Called Strike
0-1: Foul Ball, location: 2F
0-2: Fly out, F7 (Flyball, 7S)
Top of the 5th over - 0 runs, 0 hits, 0 errors, 0 left on base; Cincinnati 1 - Grim 2
BOTTOM OF THE 5TH
Grim Reapers batting - Pitching for Cincinnati Pride : RHP Manuel Garza
Batting: RHB Fred Wagner 0-0: Called Strike
0-1: Swinging Strike
0-2: Strikes out swinging
Batting: SHB Luis Sotelo 0-0: Single, Error in OF, E7, batter to second base
Batting: RHB Pedro López 0-0: Intentional Walk
Batting: RHB Mario Barker 0-0: Called Strike
0-1: Ball
1-1: Ball
2-1: Called Strike
2-2: Ball
3-2: Foul Ball, location: 2F
3-2: Foul Ball, location: 2F
3-2: Strikes out swinging
Pitching: RHP Ron Durkin
Batting: RHB Arturo Franco 0-0: Ball
1-0: Ball
2-0: Ball
3-0: Base on Balls
Luis Sotelo to third
Pedro López to second
Batting: RHB Phil Martin 0-0: Ball
1-0: Ball
2-0: Called Strike
2-1: Foul Ball, location: 2F
2-2: SINGLE (Line Drive, 78M)
Luis Sotelo scores
Pedro López to third
Arturo Franco to second
Runner from 3rd tries for Home, SAFE, no throw
Batting: LHB Benny Lawson 0-0: Fly out, F8 (Flyball, 78S)
Bottom of the 5th over - 2 runs, 2 hits, 1 error, 2 left on base; Cincinnati 1 - Grim 4
TOP OF THE 6TH
Cincinnati Pride batting - Pitching for Grim Reapers : RHP Leonard Fitzpatrick
Batting: RHB Travis Jackson 0-0: Ball
1-0: Ball
2-0: Foul Ball, location: 2F
2-1: Foul Ball, location: 2F
2-2: Ball
3-2: Strikes out swinging
Batting: LHB Pablo Garza 0-0: Ball
1-0: Ball
2-0: Foul Ball, location: 2F
2-1: Foul Ball, location: 2F
2-2: Strikes out swinging
Batting: LHB Terry Barton 0-0: Foul Ball, location: 2F
0-1: Ball
1-1: Ball
2-1: Ball
3-1: Ground out U3 (Groundball, 34S)
Top of the 6th over - 0 runs, 0 hits, 0 errors, 0 left on base; Cincinnati 1 - Grim 4
BOTTOM OF THE 6TH
Grim Reapers batting - Pitching for Cincinnati Pride : RHP Ron Durkin
Batting: RHB Ramón Sánchez 0-0: Fly out, F9 (Flyball, 89D)
Batting: RHB Júlio Núńez 0-0: Ball
1-0: Foul Ball, location: 2F
1-1: Ball
2-1: Ball
3-1: Ground out 6-3 (Groundball, 6MS)
Batting: RHB Fred Wagner 0-0: DOUBLE (Flyball, 89D) - OUT at third base trying to stretch hit.
Bottom of the 6th over - 0 runs, 1 hit, 0 errors, 0 left on base; Cincinnati 1 - Grim 4
TOP OF THE 7TH
Cincinnati Pride batting - Pitching for Grim Reapers : RHP Leonard Fitzpatrick
Batting: LHB Juan Ortíz 0-0: Ground out 5-3 (Groundball, 56)
Batting: RHB Dudley Helms 0-0: Ball
1-0: Ball
2-0: Swinging Strike
2-1: Foul Ball, location: 2F
2-2: Strikes out looking
Batting: LHB Gene Cherry 0-0: Ball
1-0: SOLO HOME RUN (Flyball, 89XD), Distance : 419 ft
Batting: RHB Owen Grant 0-0: Ball
1-0: Foul Ball, location: 2F
1-1: Ball
2-1: Foul Ball, location: 2F
2-2: Strikes out swinging
Top of the 7th over - 1 run, 1 hit, 0 errors, 0 left on base; Cincinnati 2 - Grim 4
BOTTOM OF THE 7TH
Grim Reapers batting - Pitching for Cincinnati Pride : RHP Ron Durkin
Batting: SHB Luis Sotelo 0-0: Called Strike
0-1: Foul Ball, location: 2F
0-2: Strikes out swinging
Batting: RHB Pedro López 0-0: Called Strike
0-1: Ball
1-1: Ball
2-1: Ball
3-1: Called Strike
3-2: Strikes out swinging
Batting: RHB Mario Barker 0-0: Called Strike
0-1: Ball
1-1: Foul Ball, location: 2F
1-2: Strikes out swinging, 2-3 out at first.
Bottom of the 7th over - 0 runs, 0 hits, 0 errors, 0 left on base; Cincinnati 2 - Grim 4
TOP OF THE 8TH
Cincinnati Pride batting - Pitching for Grim Reapers : RHP Leonard Fitzpatrick
Batting: RHB Ed Hines 0-0: Foul Ball, location: 2F
0-1: Foul Ball, location: 2F
0-2: Strikes out swinging
Batting: RHB Luis Manuel Medrano 0-0: Foul Ball, location: 2F
0-1: Ball
1-1: Ball
2-1: Swinging Strike
2-2: Strikes out swinging, 2-3 out at first.
Batting: RHB Travis Jackson 0-0: Called Strike
0-1: Swinging Strike
0-2: Strikes out looking
Top of the 8th over - 0 runs, 0 hits, 0 errors, 0 left on base; Cincinnati 2 - Grim 4
BOTTOM OF THE 8TH
Grim Reapers batting - Pitching for Cincinnati Pride : RHP Ron Durkin
Pitching: RHP Chet Miller
Batting: RHB Arturo Franco 0-0: Ball
1-0: Foul Ball, location: 2F
1-1: Ball
2-1: Swinging Strike
2-2: Strikes out swinging
Batting: RHB Phil Martin 0-0: Swinging Strike
0-1: Fly out, F9 (Flyball, 9S)
Batting: LHB Benny Lawson 0-0: Ground out 6-3 (Groundball, 6M)
Bottom of the 8th over - 0 runs, 0 hits, 0 errors, 0 left on base; Cincinnati 2 - Grim 4
TOP OF THE 9TH
Cincinnati Pride batting - Pitching for Grim Reapers : RHP Leonard Fitzpatrick
Pitching: RHP Roger Oliver
Batting: LHB Pablo Garza 0-0: Called Strike
0-1: Ball
1-1: Ball
2-1: Foul Ball, location: 2F
2-2: Strikes out swinging
Batting: LHB Terry Barton 0-0: Called Strike
0-1: Ball
1-1: Called Strike
1-2: TRIPLE (Flyball, 9D)
Batting: LHB Juan Ortíz 0-0: Called Strike
0-1: Ball
1-1: Ball
2-1: Swinging Strike
2-2: Ball
3-2: Base on Balls
Pinch Hitting: LHB Kevin Hatcher 0-0: Swinging Strike
0-1: Ball
1-1: Reached on error, E5 (Groundball, 5)
Terry Barton scores
Juan Ortíz to third
Pinch Hitting: LHB Ed Ballard 0-0: Ball
1-0: Ball
2-0: Called Strike
2-1: Foul Ball, location: 2F
2-2: Foul Ball, location: 2F
2-2: Ball
3-2: Foul Ball, location: 2F
3-2: Strikes out swinging
Pinch Hitting: SHB Jorge Maldonado 0-0: Ground out 4-3 (Groundball, 4)
Top of the 9th over - 1 run, 1 hit, 1 error, 2 left on base; Cincinnati 3 - Grim 4
Saturday, April 7th, 2018 - OOTP Baseball 18.8 Build 76